 Dungeon Crawl Stone Soup version 0.17-a0-1778-gd369669 (webtiles) character file.

514 ololoev the Poker (level 7, 53/55 HPs)
             Began as a Grey Draconian Skald on Sept 8, 2015.
             Quit the game on level 5 of the Dungeon.
             The game lasted 00:06:43 (3797 turns).

ololoev the Poker (Grey Draconian Skald)            Turns: 3797, Time: 00:06:43

Health: 53/55      AC: 15    Str: 14    XL:     7   Next: 0%
Magic:  10/10      EV: 12    Int:  7    God:
Gold:   194        SH:  0    Dex: 12    Spells: 2 memorised, 7 levels left

rFire  . . .     SeeInvis .     a - +0 spear
rCold  . . .     Clarity  +     (armour unavailable)
rNeg   . . .     SustAt   .     (no shield)
rPois  .         Gourm    .     (helmet restricted)
rElec  .         Spirit   .     o - +1 cloak
rCorr  .         Warding  .     g - +1 pair of gloves
rMut   .         Stasis   .     (no boots)
MR     .....                    f - amulet of clarity
Stlth  ..........               p - -6 ring of intelligence (curse)
                                j - ring of loudness (curse)

@: not resistant to hostile enchantments, extremely unstealthy
A: walk through water, unfitting armour, unbreathing, cold-blooded, AC +11
a: no special abilities


Innate Abilities, Weirdness & Mutations

You can walk through water.
Your dull iron-grey scales are very hard (AC +11).
Your body does not fit into most forms of armour.
You can survive without breathing.
You are cold-blooded and may be slowed by cold attacks.

Inventory:

Hand weapons
 a - a +0 spear (weapon)
 b - a +0 blowgun
Missiles
 m - 20 poisoned needles
 n - 7 curare-tipped needles
Armour
 g - a +1 pair of gloves (worn)
 o - a +1 cloak (worn)
Jewellery
 f - an amulet of clarity (around neck)
 j - a cursed ring of loudness (left hand)
 p - a cursed -6 ring of intelligence (right hand)
Scrolls
 e - 6 scrolls of identify
 r - a scroll of remove curse {unknown}
Potions
 k - 2 potions of might
Books
 l - a book of Battle

   Spells                             Type                      Level
   a - Infusion                       Charms                       1
   b - Shroud of Golubria             Charms/Translocation         2
   c - Song of Slaying                Charms                       2
   d - Spectral Weapon                Hexes/Charms                 3
   e - Regeneration                   Charms/Necromancy            3
Comestibles
 c - 3 bread rations
 d - 7 fruits
 i - a meat ration
 q - 2 royal jellies


   Skills:
 - Level 2.1 Fighting
 + Level 7.6 Polearms
 - Level 1.3 Dodging
 - Level 2.0 Spellcasting
 - Level 2.6 Charms


You had 7 spell levels left.
You knew the following spells:

 Your Spells              Type           Power        Failure   Level  Hunger
a - Infusion              Chrm           #.....       14%         1    ##.....
b - Song of Slaying       Chrm           #.......     21%         2    ###....


You were on level 5 of the Dungeon.
You were not hungry.

You visited 1 branch of the dungeon, and saw 5 of its levels.

You collected 194 gold pieces.

# .# #.# #
... #.
###.#
####..#@..#
#......<..#
###.#<###.#
... .# #.#
. ... ##
#.# #.

Notes
Turn   | Place    | Note
--------------------------------------------------------------
     0 | D:1      | ololoev the Draconian Skald began the quest for the Orb.
     0 | D:1      | Reached XP level 1. HP: 17/17 MP: 3/3
   222 | D:1      | Reached XP level 2. HP: 8/24 MP: 0/5
   235 | D:1      | Learned a level 2 spell: Song of Slaying
   725 | D:1      | Reached skill level 3 in Polearms
   953 | D:2      | Reached XP level 3. HP: 9/29 MP: 0/6
  1631 | D:2      | Reached skill level 4 in Polearms
  2195 | D:3      | Reached XP level 4. HP: 36/36 MP: 7/7
  2203 | D:3      | Noticed a giant frog
  2221 | D:3      | Killed a giant frog
  2221 | D:3      | Reached skill level 5 in Polearms
  2228 | D:3      | Reached XP level 5. HP: 26/41 MP: 8/8
  3025 | D:3      | Noticed a black bear
  3033 | D:3      | Killed a black bear
  3033 | D:3      | Reached skill level 6 in Polearms
  3033 | D:3      | Reached XP level 6. HP: 42/48 MP: 9/9
  3074 | D:4      | Found a stormy altar of Qazlal.
  3425 | D:4      | Reached skill level 7 in Polearms
  3685 | D:4      | Found a sacrificial altar of Ru.
  3789 | D:5      | Entered Level 5 of the Dungeon
  3794 | D:5      | Your scales start taking on a dull iron-grey colour.
  3794 | D:5      | Gained mutation: You can survive without breathing. [Grey Draconian growth]
  3794 | D:5      | Reached XP level 7. HP: 53/55 MP: 10/10
  3797 | D:5      | Quit the game

Dungeon Overview and Level Annotations

Branches:
Dungeon (5/15)
 Temple: D:4-7

Altars:
Qazlal
Ru


Message History

m - 20 poisoned needles (gained 5)
There is a stone staircase leading down here.
You now have 194 gold pieces (gained 10).
Done exploring.
(D) Dungeon
Where to? (Enter - D:4 @ (x,y), ? - help) All of the chunks of flesh in your inventory have rotted away.
There is a stone staircase leading down here.
You climb downwards.
A worker ant comes into view.
The worker ant twitches its antennae in your direction.
Found a stone staircase leading up.
There is a stone staircase leading up here.
b - a +0 blowgun (weapon)
Firing (i - inventory. (,) - cycle):
m - 20 poisoned needles (quivered)
Press: ? - help, Shift-Dir - straight line, f - worker ant
Aim: a worker ant You shoot a poisoned needle.
The poisoned needle hits the worker ant!
The worker ant is poisoned.
The worker ant bites you.
Firing (i - inventory. (,) - cycle):
m - 19 poisoned needles (quivered)
Press: ? - help, Shift-Dir - straight line, f/p - worker ant
Aim: a worker ant (lightly wounded, poisoned)
You shoot a poisoned needle.
The poisoned needle hits the worker ant!
The worker ant looks even sicker.
The worker ant is lightly wounded.
The worker ant misses you.
The worker ant bites you but does no damage.
a - a +0 spear (weapon)
You hit the worker ant.
The worker ant is severely wounded.
You kill the worker ant!
You have reached level 7!
Your scales start taking on a dull iron-grey colour.
You feel breathless.
m - 20 poisoned needles (gained 2) Are you sure you want to abandon this character and quit the game? (Confirm with "yes".)
Okay, then.
Are you sure you want to abandon this character and quit the game? (Confirm with "yes".)

There were no monsters in sight!

Vanquished Creatures
  2 black bears
  A giant frog (D:3)
  A wyvern skeleton (D:3)
  3 worker ants
  An iguana (D:4)
  A hound skeleton (D:4)
  3 adders
  2 worms (D:2)
  3 giant geckos (D:3)
  An orc (D:3)
  4 bats
  5 giant cockroaches
  9 goblins
  8 hobgoblins
  9 kobolds
  5 giant newts
  10 rats
68 creatures vanquished.

Action                   |  1- 3 |  4- 6 |  7- 9 || total
-------------------------+-------+-------+-------++-------
Melee: Spear             |   156 |   109 |       ||   265
 Fire: Blowgun           |       |    27 |       ||    27
 Cast: Infusion          |     3 |     1 |       ||     4
       Song of Slaying   |     1 |       |       ||     1
  Use: Potion            |       |     5 |       ||     5
       Scroll            |       |     5 |       ||     5
  Eat: Chunk             |     4 |     5 |       ||     9

Vault maps used:
D:1:      dpeg_arrival_solitude, minivault_4
D:4:      black_bear_nest_1, lemuel_coloured_pillars_altar,
          grunt_qazlal_sundering
D:5:      tso_oasis_becter, kennysheep_mini_moat, first_bread, serial_shops,
          nicolae_shop_trees, nicolae_shop_crystal, shop, kennysheep_little_box,
          shop
